 Dungeon Crawl Stone Soup version 0.23.2-1-ga50397a (webtiles) character file.

Game seed: 15841852278349914129

2477 Lickle the Skirmisher (level 9, 0/75 HPs)
             Began as a Demigod Fighter on Apr 29, 2019.
             Slain by an unseen horror (4 damage)
             ... on level 7 of the Dungeon.
             The game lasted 00:14:49 (5589 turns).

Lickle the Skirmisher (Demigod Fighter)             Turns: 5589, Time: 00:14:50

Health: 0/75       AC: 13    Str: 23    XL:     9   Next: 6%
Magic:  11/11      EV: 10    Int: 17    God:
Gold:   452        SH: 16    Dex: 17    Spells: 8/8 levels left

rFire    + . .     SeeInvis .   a - +2 war axe
rCold    . . .     Gourm    .   u - +0 large shield
rNeg     . . .     Faith    .   e - +0 ring mail {rF+}
rPois    .         Spirit   .   (no helmet)
rElec    .         Reflect  .   (no cloak)
rCorr    .         Harm     .   (no gloves)
MR       .....                  g - +2 pair of boots of Garu {*Contam Str+2 Int+5}
Stlth    +.........             t - amulet of regeneration
HPRegen  0.62/turn              h - +3 ring of slaying
MPRegen  0.12/turn              (no ring)

@: no status effects
A: molten scales 1, slimy green scales 1, high mp 1, weak 1, MP-powered wands
a: no special abilities


You were on level 7 of the Dungeon.
You were not hungry.

You visited 1 branch of the dungeon, and saw 7 of its levels.

You collected 452 gold pieces.

Inventory:

Hand Weapons
 a - a +2 war axe (weapon)
Armour
 c - a +1 shield
 e - a +0 ring mail of fire resistance (worn)
 g - the +2 pair of boots of Garu (worn) {*Contam Str+2 Int+5}
   (You found it on level 5 of the Dungeon)

   It affects your strength (+2).
   It affects your intelligence (+5).
   It causes magical contamination when unequipped.
 u - a +0 large shield (worn)
Jewellery
 h - a +3 ring of slaying (left hand)
 t - an amulet of regeneration (around neck)
Wands
 b - a wand of enslavement (20)
 p - a wand of iceblast (7)
 x - a wand of random effects (15)
Scrolls
 j - 2 scrolls of teleportation
 m - a scroll of vulnerability
 o - 3 scrolls of immolation
 q - 2 scrolls of remove curse
 v - a scroll of identify
 w - a scroll of silence {unknown}
Potions
 d - 4 potions of might
 k - a potion of lignification
 l - a potion of heal wounds
 n - a potion of flight
 r - a potion of magic
 s - a potion of curing
Comestibles
 f - 22 rations
 z - a chunk of flesh


   Skills:
 + Level 5.8 Fighting
 + Level 5.3 Axes
 + Level 5.7 Armour
 + Level 4.9 Dodging
 + Level 5.7 Shields


You had 8 spell levels left.
You didn't know any spells.
Your spell library contained the following spells:

 Spells                   Type           Power        Failure   Level  Hunger
 Beastly Appendage        Tmut           #.....       99%         1    ##.....
 Confusing Touch          Hex            #.....       99%         1    ##.....
 Sticks to Snakes         Tmut           #.......     100%        2    ###....
 Confuse                  Hex            #.......     100%        3    ####...
 Gell's Gravitas          Tloc           #.........   100%        3    ####...
 Spider Form              Tmut/Pois      #.........   100%        3    ####...
 Ice Form                 Ice/Tmut       #.......     100%        4    #####..
 Petrify                  Tmut/Erth      #.......     100%        4    #####..
 Blade Hands              Tmut           #.........   100%        5    ######.
 Metabolic Englaciation   Hex/Ice        #.........   100%        5    ######.
 Yara's Violent Unravell  Hex/Tmut       #.........   100%        5    ######.


Dungeon Overview and Level Annotations

Branches:
Dungeon (7/15)             Temple (0/1) D:5


Innate Abilities, Weirdness & Mutations

You have an increased reservoir of magic. (+10% MP)
You are partially covered in molten scales. (AC +2)
You are partially covered in slimy green scales. (AC +2)
You are weak. (Str -2)
You expend magic power (3 MP) to strengthen your wands.


Message History

You barely miss something. Something hits you.
You miss something. Something hits you. Something hits you!
You hit something but do no damage. You block something's attack.
Something hits you.
* * * LOW HITPOINT WARNING * * *
You closely miss something. You block something's attack.
Something hits you but does no damage. Something hits you!
* * * LOW HITPOINT WARNING * * *
Something hits you but does no damage. Something hits you.
* * * LOW HITPOINT WARNING * * *
Something hits you!
* * * LOW HITPOINT WARNING * * *
Something hits you but does no damage. You block something's attack.
Something hits you but does no damage. Something hits you.
You die...

....##..#.....................###
..####....................<.#..##
#...##.....................##..#.
..#..##...................|.#..#.
.##..###.##)...............##....
.#......(###...##..........##....
##...........>###..............#.
##...........####........#...>###
................@.......(####.# #
.......##.........#..##.## ###
..................#######
..................#
...#..#.....#....##
.........#######.# ........## ###
......### .#....#


There were no monsters in sight!

Vanquished Creatures
  Sigmund (D:6)
  A spriggan (D:7)
  2 orc warriors (D:6)
  2 sky beasts
  An ice beast (D:6)
  A hornet zombie (D:6)
  2 centaurs
  2 ogres
  2 bullfrogs
  2 scorpions
  4 wights (D:5)
  4 crimson imps
  A jelly (D:6)
  3 hounds
  2 orc priests
  An iguana (D:3)
  6 orc wizards
  5 worker ants
  A killer bee zombie (D:6)
  7 adders
  3 shadow imps
  2 oozes
  An adder skeleton (D:5)
  3 dart slugs (D:1)
  31 orcs
  8 giant cockroaches
  7 goblins
  11 hobgoblins
  17 jackals
  7 kobolds
  A quokka (D:4)
  2 ball pythons
  3 bats
  6 frilled lizards
  A jackal skeleton (D:7)
  11 rats
164 creatures vanquished.

Notes
Turn   | Place    | Note
-------+----------+-------------------------------------------
     0 | D:1      | Lickle the Demigod Fighter began the quest for the Orb.
     0 | D:1      | Reached XP level 1. HP: 18/18 MP: 3/3
    77 | D:1      | You fall through a shaft!
   123 | D:2      | Reached XP level 2. HP: 23/25 MP: 4/4
   369 | D:1      | Reached XP level 3. HP: 30/31 MP: 5/5
   498 | D:1      | Reached skill level 1 in Dodging
   791 | D:2      | Reached XP level 4. HP: 29/38 MP: 6/6
   951 | D:3      | Gained mutation: Your muscles are strong. (Str +2) [potion
                  | of mutation]
   951 | D:3      | Gained mutation: You are partially covered in molten
                  | scales. (AC +2) [potion of mutation]
   951 | D:3      | Gained mutation: You are frail. (-10% HP) [potion of
                  | mutation]
   951 | D:3      | Gained mutation: You have sharp toenails. [potion of
                  | mutation]
  1031 | D:3      | Found a basalt altar of Yredelemnul.
  1565 | D:3      | Found an iron altar of Okawaru.
  1620 | D:3      | Found a blossoming altar of Fedhas.
  2134 | D:3      | Found an ancient bone altar of Kikubaaqudgha.
  2147 | D:3      | Reached XP level 5. HP: 25/40 MP: 7/7
  2759 | D:4      | Found a burning altar of Makhleb.
  2759 | D:4      | Found a shimmering altar of Xom.
  3096 | D:4      | Found a deep blue altar of Sif Muna.
  3170 | D:4      | Reached XP level 6. HP: 46/46 MP: 8/8
  3259 | D:4      | Found a shattered altar of Ashenzari.
  3260 | D:4      | Found a glowing golden altar of the Shining One.
  3317 | D:5      | Entered Level 5 of the Dungeon
  3523 | D:5      | Found a staircase to the Ecumenical Temple.
  3615 | D:5      | Reached XP level 7. HP: 40/53 MP: 9/9
  3938 | D:5      | Got a pair of ichor-stained boots
  3944 | D:5      | Identified the +2 pair of boots of Garu {*Contam Str+2
                  | Int+5} (You found it on level 5 of the Dungeon)
  4087 | D:6      | Reached XP level 8. HP: 20/60 MP: 10/10
  4501 | D:6      | Reached skill level 5 in Fighting
  4535 | D:6      | Reached skill level 5 in Shields
  4541 | D:6      | Reached skill level 5 in Armour
  4718 | D:6      | Noticed Sigmund
  4729 | D:6      | Killed Sigmund
  4729 | D:6      | Reached skill level 5 in Axes
  5246 | D:7      | Reached XP level 9. HP: 64/67 MP: 11/11
  5292 | D:7      | Found a radiant altar of Vehumet.
  5550 | D:7      | HP: 3/67 [something (1)]
  5553 | D:7      | Lost mutation: You are frail. (-10% HP) [potion of
                  | mutation]
  5553 | D:7      | Lost mutation: You have sharp toenails. [potion of
                  | mutation]
  5553 | D:7      | Lost mutation: Your muscles are strong. (Str +2) [potion of
                  | mutation]
  5553 | D:7      | Gained mutation: You are weak. (Str -2) [potion of
                  | mutation]
  5553 | D:7      | Gained mutation: You are partially covered in slimy green
                  | scales. (AC +2) [potion of mutation]
  5553 | D:7      | Gained mutation: You expend magic power (3 MP) to
                  | strengthen your wands. [potion of mutation]
  5585 | D:7      | HP: 2/75 [something (8)]
  5589 | D:7      | Slain by an unseen horror

Skill      XL: |  1  2  3  4  5  6  7  8 |
---------------+-------------------------+-----
Axes           | 2 3 4 5 |  5.3
Fighting       | 3 4 5 |  5.8
Armour         | 3 4 5 |  5.7
Shields        | 3 4 5 |  5.7
Dodging        | 1 2 3 4 |  4.9

Action                   |  1- 3 |  4- 6 |  7- 9 || total
-------------------------+-------+-------+-------++-------
Melee: War axe           |   106 |   145 |   186 ||   437
       Kick              |       |    32 |     1 ||    33
  Use: Scroll            |       |     9 |     7 ||    16
       Potion            |       |     5 |     4 ||     9
  Eat: Chunk             |       |     5 |     7 ||    12
       Ration            |       |     1 |       ||     1
Armor: Scale mail        |    54 |    44 |       ||    98
       Ring mail         |       |    21 |    75 ||    96
Dodge: Dodged            |    45 |    44 |    60 ||   149
Block: Shield            |    60 |    72 |    87 ||   219
       Large shield      |       |       |    62 ||    62
